 Dungeon Crawl Stone Soup version 0.18-a0-1649-g8d9735b (webtiles) character file.

837 xeno23 the Ruffian (level 7, 0/68 HPs)
             Began as a Troll Chaos Knight on Mar 29, 2016.
             Slain by a gnoll
             ... wielding a +0 halberd
              (16 damage)
             ... on level 4 of the Dungeon.
             The game lasted 00:09:59 (2357 turns).

xeno23 the Ruffian (Troll Chaos Knight)             Turns: 2357, Time: 00:09:59

Health: 0/68       AC:  7    Str: 21    XL:     7   Next: 66%
Magic:  15/15      EV: 10    Int: 10    God:    Xom [.....*]
Gold:   224        SH:  0    Dex:  9    Spells: 0 memorised, 6 levels left

rFire  . . .     SeeInvis .       - Unarmed
rCold  . . .     Gourm    +     a - +2 robe
rNeg   . . .     Faith    .     (no shield)
rPois  .         Spirit   .     (helmet restricted)
rElec  .         Dismiss  .     (no cloak)
rCorr  +         Reflect  .     (gloves unavailable)
SustAt .         Harm     .     (boots unavailable)
MR     .....                    h - amulet of rage
Stlth  +.........               k - ring of resist corrosion
                                o - ring of magical power

@: not resistant to hostile enchantments, very unstealthy
A: unfitting armour, claws 3, fast metabolism 3, gourmand, regeneration 2,
shaggy fur 1, tough skin 2
a: Renounce Religion, Evoke Berserk Rage


You were on level 4 of the Dungeon.
You worshipped Xom.
You were Xom's teddy bear.
You were very full.

You visited 1 branch of the dungeon, and saw 4 of its levels.

You collected 224 gold pieces.

Inventory:

Missiles
 r - 2 steel javelins (quivered)
Armour
 a - a +2 robe (worn)
Jewellery
 d - an uncursed ring of flight
 h - an amulet of rage (around neck)
 k - a ring of resist corrosion (right claw)
 o - a ring of magical power (left claw)
Scrolls
 c - 6 scrolls of identify
 e - a scroll of magic mapping {unknown}
 i - a scroll of random uselessness {unknown}
 j - 3 scrolls of remove curse {unknown}
 l - 2 scrolls of amnesia {unknown}
 m - a scroll of enchant weapon {unknown}
 p - 2 scrolls of recharging {unknown}
 s - a scroll of blinking {unknown}
 w - a scroll of fog {unknown}
Potions
 n - a potion of flight {unknown}
 q - 2 potions of resistance
 u - a potion of might
 v - a potion of beneficial mutation {unknown}
 x - a potion of curing {unknown}
 B - a potion of lignification {unknown}
 C - a potion of agility {unknown}
Comestibles
 b - 6 bread rations
 f - 2 fruits
 g - 2 beef jerkies
 t - a meat ration
 z - 5 chunks of flesh
 A - a slice of pizza


   Skills:
 + Level 3.9 Fighting
 + Level 3.2 Throwing
 + Level 3.7 Dodging
 * Level 6.3 Unarmed Combat


You had 6 spell levels left.
You didn't know any spells.

Dungeon Overview and Level Annotations

Branches:
Dungeon (4/15)
 Temple: D:4-7

Altars:
Cheibriados
Elyvilon
Kikubaaqudgha
Okawaru
Pakellas
Xom
Yredelemnul


Innate Abilities, Weirdness & Mutations

You are too large for most types of armour.
You have claws for hands.
Your metabolism is lightning-fast.
You like to eat raw meat.
You heal very quickly.
You are covered in fur (AC +1).
You have very tough skin (AC +2).


Message History

The gnoll hits you but does no damage.
You claw the gnoll shaman!
The gnoll shaman is severely wounded.
The gnoll shaman mumbles some strange prayers to its god.
The gnoll shaman is healed somewhat.
You barely miss the gnoll shaman.
The gnoll shaman is heavily wounded.
The gnoll hits you but does no damage.
The gnoll hits your iron imp but does no damage.
The gnoll closely misses you.
You claw the gnoll shaman!
You kill the gnoll shaman!
The gnoll misses you. The gnoll hits you but does no damage.
Your iron imp closely misses the gnoll.
The gnoll hits you from afar with a halberd!
* * * LOW HITPOINT WARNING * * *
You take 13 damage.
The gnoll hits your iron imp with a spear.
The gnoll hits you from afar with a halberd!
You die...

..# #...#....#.....#............
..# ##########.<...##..######...
###..# ##.....#..##..##... +...
#.....#.......#... #...
#.....'.......#... #..
####.....######'##...
.###..###+###..###.......#..##...
...........#..g..#.......#..##...
.$.........#.g5.@'.......#.......
.........†.#.gg..#.......#.......
...........'..)..#.......#....(..
...........#.....#.......#.......
.###..########...........#####...
#.. ###########.. ##... #... ..
+.... #... #.... +... #....


You could see 4 gnolls and a friendly iron imp.

Vanquished Creatures
  Sigmund (D:3)
  Eustachio (D:4)
  Duvessa (D:4)
  Dowan (D:4)
  An orc priest (D:4)
  A gnoll shaman (D:4)
  An orc wizard (D:4)
  Robin (D:2)
  6 gnolls
  3 adders
  3 worms
  3 giant geckos
  5 orcs
  3 ball pythons
  7 bats
  2 giant cockroaches
  9 hobgoblins
  2 quokkas (D:2)
  A giant gecko skeleton (D:4)
  5 giant newts
  20 goblins
  A jackal skeleton (D:4)
  9 kobolds
  6 rats
93 creatures vanquished.

Vanquished Creatures (collateral kills)
  Edmund (D:4)
  2 gnolls
  An adder (D:2)
  2 orcs (D:4)
  A kobold (D:2)
7 creatures vanquished.

Grand Total: 100 creatures vanquished

Notes
Turn   | Place    | Note
--------------------------------------------------------------
     0 | D:1      | xeno23 the Troll Chaos Knight began the quest for the Orb.
     0 | D:1      | Reached XP level 1. HP: 22/22 MP: 0/0
    47 | D:1      | XOM: potion effect (haste)
    72 | D:1      | XOM: silly message
   141 | D:1      | Reached XP level 2. HP: 26/29 MP: 1/1
   423 | D:1      | XOM: harmless Erth miscast
   813 | D:2      | Found an iron altar of Okawaru.
   887 | D:2      | Reached XP level 3. HP: 36/36 MP: 2/2
   928 | D:2      | Found an oddly glowing altar of Pakellas.
   991 | D:2      | Reached skill level 4 in Unarmed Combat
   993 | D:2      | XOM: summons friendly shadow imp
   995 | D:2      | Reached XP level 4. HP: 10/44 MP: 3/3
  1183 | D:2      | Reached skill level 1 in Throwing
  1331 | D:3      | Noticed Sigmund
  1331 | D:3      | Noticed Robin
  1332 | D:3      | XOM: potion effect (invisibility)
  1356 | D:3      | Killed Sigmund
  1356 | D:3      | Reached XP level 5. HP: 15/53 MP: 4/4
  1372 | D:2      | Killed Robin
  1372 | D:2      | Reached XP level 6. HP: 13/61 MP: 5/5
  1455 | D:3      | XOM: vitrification
  1639 | D:3      | Found a white marble altar of Elyvilon.
  1645 | D:3      | Found a snail-covered altar of Cheibriados.
  1645 | D:3      | Found an ancient bone altar of Kikubaaqudgha.
  1647 | D:3      | Found a shimmering altar of Xom.
  1649 | D:3      | Found a basalt altar of Yredelemnul.
  1687 | D:3      | Reached skill level 5 in Unarmed Combat
  1708 | D:3      | XOM is BORED!
  1708 | D:3      | XOM: summons 2 hostile shadow creatures
  1984 | D:4      | Noticed Dowan
  1988 | D:4      | Noticed Duvessa
  1992 | D:4      | XOM: swap monsters
  1998 | D:4      | XOM: confuse monster(s)
  2003 | D:4      | Killed Dowan
  2029 | D:4      | XOM: vitrification
  2036 | D:4      | Killed Duvessa
  2036 | D:4      | Reached XP level 7. HP: 67/67 MP: 6/6
  2155 | D:4      | Noticed Eustachio
  2173 | D:4      | Killed Eustachio
  2218 | D:4      | Noticed Edmund
  2221 | D:4      | XOM: summons 2 friendly demons
  2231 | D:4      | Killed Edmund
  2231 | D:4      | Reached skill level 6 in Unarmed Combat
  2268 | D:4      | XOM: 3-stop teleportation journey
  2347 | D:4      | XOM: summons friendly iron imp
  2357 | D:4      | Slain by a gnoll

Vault maps used:
D:1:      minmay_arrival_wavy_path
D:2:      overflow_temple_1_default, grunt_pakellas_salt
D:3:      minitemple, serial_park_tiny_1, uniq_sigmund, uniq_robin
D:4:      first_bread, uniq_edmund, uniq_duvessa, uniq_eustachio,
          uniq_crazy_yiuf_cottage

Skill      XL: |  1  2  3  4  5  6  7 |
---------------+----------------------+-----
Dodging        | 2 3 |  3.7
Unarmed Combat | 4 5 6 |  6.3
Throwing       | 1 2 3 |  3.2
Fighting       | 3 |  3.9

Action                   |  1- 3 |  4- 6 |  7- 9 || total
-------------------------+-------+-------+-------++-------
Melee: Unarmed           |    70 |   147 |    59 ||   276
Throw: Javelin           |     2 |     2 |       ||     4
 Abil: Evoke Berserk Rag |       |     1 |       ||     1
  Use: Scroll            |       |     1 |       ||     1
 Stab: Invisible         |       |     4 |       ||     4
       Confused          |       |     3 |       ||     3
  Eat: Chunk             |     6 |    18 |     4 ||    28
